AoeStats
← FindUrMojo

Arabia

504550806Analyzed
1v1 RM · 25d ago on Sep 5, 2026· 19m 53s· 2 players
Game mode
Random Map
Map size
Tiny (2 player)
Population
200
Speed
Normal
Resources
Standard
Victory
Conquest
Starting age
Dark Age
Ending age
Imperial Age
RankedLock teamsTeams togetherTeam positionsShared explorationLock speedFull tech treeHidden civsTurbo modeCheats
Victory
Defeat
🇨🇿 Armenians · Czechia
803
+18
🇨🇭 Magyars · Switzerland
844
-18
FindUrMojo
8:08 Loom
10:21 Feudal Age
10:59 Double-Bit Axe
13:58 Horse Collar
14:54 Fletching
16:17 Gold Mining
cnwrrr
10:29 Feudal Age
11:55 Man-at-Arms
13:26 Long Swordsman
18:07 Scale Mail Armor
Connection lost

Rejoining the realm…

Still unreachable

The connection could not be restored.

Session expired

The server has moved on; the page needs a fresh start.